 Dungeon Crawl Stone Soup version 0.20.0-15-g7f486f2 (webtiles) character file.

512 vishdafish the Shield-Bearer (level 7, -9/43 HPs)
             Began as a Gargoyle Fighter on June 22, 2017.
             Mangled by StylePro's ghost (12 damage)
             ... on level 5 of the Dungeon.
             The game lasted 00:09:03 (3253 turns).

vishdafish the Shield-Bearer (Gargoyle Fighter)     Turns: 3253, Time: 00:09:03

Health: -9/43      AC: 12    Str: 21    XL:     7   Next: 19%
Magic:  7/7        EV:  8    Int:  8    God:
Gold:   207        SH: 10    Dex: 10    Spells: 6/6 levels left

rFire    . . .     SeeInvis .   i - +1 whip (freeze)
rCold    . . .     Gourm    .   c - +0 shield
rNeg     + . .     Faith    .   b - +0 scale mail
rPois    ∞         Spirit   .   (no helmet)
rElec    +         Reflect  .   (no cloak)
rCorr    .         Harm     .   (no gloves)
MR       .....                  (no boots)
Stlth    ..........             (no amulet)
Regen    0.2/turn               (no ring)
MPRegen  0.1/turn               (no ring)

@: very slightly contaminated, invisible
A: negative energy resistance 1, electricity resistance, unbreathing,
petrification resistance, rot immunity, AC +4
a: no special abilities


You were on level 5 of the Dungeon.
You were not hungry.

You visited 1 branch of the dungeon, and saw 5 of its levels.

You collected 207 gold pieces.

Inventory:

Hand Weapons
 a - a +0 flail
 d - a +0 flail of venom
 i - a +1 whip of freezing (weapon)
Missiles
 n - 2 tomahawks of dispersal (quivered)
Armour
 b - a +0 scale mail (worn)
 c - a +0 shield (worn)
Scrolls
 e - a scroll of fog {unknown}
 f - a scroll of amnesia
 g - a scroll of enchant weapon {unknown}
 h - 3 scrolls of teleportation {unknown}
 j - 5 scrolls of remove curse {unknown}
 k - 3 scrolls of identify
 l - 2 scrolls of enchant armour {unknown}
 q - a scroll of magic mapping {unknown}
 v - a scroll of recharging {unknown}
Potions
 w - a potion of mutation
 x - 2 potions of brilliance
Comestibles
 t - 2 bread rations
 u - 5 fruits


   Skills:
 + Level 4.2 Fighting
 + Level 4.8 Maces & Flails
 + Level 4.6 Armour
 + Level 1.4 Dodging
 + Level 0.5 Stealth
 + Level 5.2 Shields


You had 6 spell levels left.
You didn't know any spells.

Dungeon Overview and Level Annotations

Branches:
Dungeon (5/15)
 Temple: D:4-7

Altars:
Ashenzari
Cheibriados
Hepliaklqana
Yredelemnul
The Shining One

Shops:
D:5 *

Annotations:
D:4 Sigmund
D:5 StylePro's ghost, novice NaFi


Innate Abilities, Weirdness & Mutations

You are resistant to torment.
Your stone body is resilient. (AC +4)
You are immune to poison.
You resist negative energy. (rN+)
You are resistant to electric shocks. (rElec)
You can survive without breathing.
You are immune to petrification.
You are immune to rotting.


Message History

Okay, then.
You hit StylePro's ghost but do no damage.
StylePro's ghost is heavily damaged.
StylePro's ghost hits you but does no damage.
You hit StylePro's ghost but do no damage.
StylePro's ghost is heavily damaged.
StylePro's ghost hits you but does no damage.
You whack StylePro's ghost! You freeze StylePro's ghost.
StylePro's ghost is severely damaged.
StylePro's ghost hits you!
* * * LOW HITPOINT WARNING * * *
Your shield and scale mail prevent you from hitting StylePro's ghost.
StylePro's ghost is severely damaged.
StylePro's ghost barely misses you.
You feel better. StylePro's ghost hits you!
* * * LOW HITPOINT WARNING * * *
As you read the scroll labeled PUCKISKIYNI, it crumbles to dust.
It is a scroll of amnesia.
You feel forgetful for a moment. StylePro's ghost hits you!
You die...

#...#.# ##.###.#....##.####.#
#...#.# #....#...##.##.####.#
###...#.# ###...####.##.#.....#.#
......#.# #........#.##.#####.#.#
.....##.# #.#.####.#.##.........#
.....##)###.#.##.....########.###
.....##.....#.##.#⌠.⌠......##.#
.....##(#####......∩..##......#
......))).......@.⌠[⌠##########
###...#..#######W#...<# #.......#
#............. #.P.P...#
###....#.##### #.._.)..# #....#.#
#.P.P.#.# ###### # #.....#.#
...#..#.#


You could see StylePro's ghost.

Vanquished Creatures
  2 ogres
  2 crimson imps (D:5)
  An orc priest (D:2)
  An iron imp (D:5)
  Jessica (D:3)
  Terence (D:2)
  A worker ant (D:4)
  2 orc wizards
  2 adders
  A shadow imp (D:5)
  A worm (D:1)
  A leopard gecko (D:1)
  8 orcs
  7 bats
  3 giant cockroaches
  9 goblins
  2 hobgoblins
  11 kobolds
  2 quokkas (D:3)
  6 ball pythons
  3 frilled lizards
  4 rats
71 creatures vanquished.

Notes
Turn   | Place    | Note
-------+----------+-------------------------------------------
     0 | D:1      | vishdafish the Gargoyle Fighter began the quest for the Orb.
     0 | D:1      | Reached XP level 1. HP: 14/14 MP: 1/1
    66 | D:1      | Reached XP level 2. HP: 19/19 MP: 2/2
   916 | D:2      | Reached XP level 3. HP: 24/24 MP: 3/3
   961 | D:2      | Noticed Terence
   983 | D:2      | Killed Terence
   988 | D:2      | Found a glowing golden altar of the Shining One.
  1026 | D:2      | Found a shattered altar of Ashenzari.
  1069 | D:2      | Reached XP level 4. HP: 29/29 MP: 4/4
  1288 | D:2      | Reached skill level 4 in Shields
  1506 | D:3      | Noticed Jessica
  1517 | D:3      | Killed Jessica
  1626 | D:3      | Found a hazy altar of Hepliaklqana.
  1816 | D:3      | Noticed an ogre
  1825 | D:3      | Killed an ogre
  1825 | D:3      | Reached XP level 5. HP: 11/33 MP: 5/5
  2150 | D:2      | Reached XP level 6. HP: 38/38 MP: 6/6
  2173 | D:3      | Reached skill level 1 in Dodging
  2533 | D:4      | Noticed Sigmund
  2635 | D:4      | Reached skill level 5 in Shields
  2821 | D:5      | Entered Level 5 of the Dungeon
  2821 | D:5      | Found Ysmisi's General Store.
  2927 | D:5      | Found a basalt altar of Yredelemnul.
  2954 | D:5      | Reached XP level 7. HP: 39/43 MP: 7/7
  3098 | D:5      | Found a snail-covered altar of Cheibriados.
  3186 | D:5      | Noticed StylePro's ghost (novice NaFi)
  3253 | D:5      | Mangled by StylePro's ghost

Skill      XL: |  1  2  3  4  5  6 |
---------------+-------------------+-----
Shields        | 4 5 |  5.2
Maces & Flails | 3 4 |  4.8
Fighting       | 4 |  4.2
Armour         | 4 |  4.6
Dodging        | 1 |  1.4
Stealth        | |  0.5

Action                   |  1- 3 |  4- 6 |  7- 9 || total
-------------------------+-------+-------+-------++-------
Melee: Flail             |    38 |       |       ||    38
       Whip              |    72 |   217 |    71 ||   360
  Use: Potion            |       |     1 |     4 ||     5
       Scroll            |       |       |     5 ||     5
  Eat: Bread ration      |     1 |       |       ||     1
       Royal jelly       |       |     1 |     1 ||     2
Armor: Scale mail        |    42 |    83 |    20 ||   145
Dodge: Dodged            |    36 |    43 |    11 ||    90
Block: Shield            |    61 |    80 |    25 ||   166
